 Dungeon Crawl Stone Soup version 0.26.0-10-g1f06aea511 (webtiles) character file.

Game seed: 182056522832795145

21 inc the Vexing (level 2, -2/11 HPs)
             Began as a Felid Enchanter on Jan 29, 2021.
             Slain by a hobgoblin
             ... wielding a +0 club
              (4 damage)
             ... on level 1 of the Dungeon.
             The game lasted 00:01:27 (597 turns).

inc the Vexing (Felid Enchanter)                     Turns: 597, Time: 00:01:28

Health: -2/11      AC:  1    Str:  4    XL:     2   Next: 62%
Magic:  0/6        EV: 18    Int: 16    God:
Gold:   29         SH:  0    Dex: 16    Spells: 2/5 levels left
                                        Lives:  0   Deaths: 0

rFire    . . .     SeeInvis +     - Unarmed
rCold    . . .     Faith    .   (shield unavailable)
rNeg     . . .     Spirit   .   (armour unavailable)
rPois    .         Reflect  .   (helmet unavailable)
rElec    .         Harm     .   (cloak unavailable)
rCorr    .         Rampage  .   (gloves unavailable)
Will     .....                  (boots unavailable)
Stlth    +++.......             (no amulet)
HPRegen  0.03/turn              (no ring)
MPRegen  0.10/turn              (no ring)

@: quick
A: very small, no armour, no weapons or thrown items, stealth, claws 1, fangs 3,
see invisible, speed 1, shaggy fur 1, sharp paws
a: no special abilities


You were on level 1 of the Dungeon.
You visited 1 branch of the dungeon, and saw 1 of its levels.

You collected 29 gold pieces.

Inventory:

Scrolls
 a - 2 scrolls of enchant weapon {unknown}
 c - a scroll of teleportation {unknown}
 d - a scroll of noise {unknown}
 e - 2 scrolls of random uselessness {unknown}
 f - a scroll of amnesia {unknown}
 g - a scroll of identify {unknown}
Potions
 b - a potion of flight {unknown}


   Skills:
 - Level 2.8 Dodging
 - Level 4.6 Stealth
 - Level 1.2 Unarmed Combat
 - Level 2.2 Spellcasting
 + Level 4.8 Hexes
 + Level 0.0 Ice Magic


You had 2 spell levels left.
You knew the following spells:

 Your Spells              Type           Power        Failure   Level
a - Corona                Hex            18%          2%          1
b - Ensorcelled Hibernat  Hex/Ice        18%          12%         2

Your spell library contained the following spells:

 Spells                   Type           Power        Failure   Level
 Confusing Touch          Hex            17%          9%          3
 Tukima's Dance           Hex            17%          9%          3
 Dazzling Flash           Conj/Hex       18%          22%         3


Dungeon Overview and Level Annotations

Branches:
Dungeon (1/15)

Altars:


Innate Abilities, Weirdness & Mutations

You cannot wear armour.
You are incapable of wielding weapons or throwing items.
Your paws allow you to move quietly. (Stealth)
You have sharp claws.
You have razor-sharp teeth.
You have supernaturally acute eyesight. (SInv)
You cover ground quickly.
You are covered in fur. (AC +1)
Your sharp claws are effective at attacking unaware monsters.


Message History

Aim: a frilled lizard (chance to affect: 58%)
The frilled lizard resists with significant effort.
The frilled lizard completely misses you.
You barely miss the frilled lizard. The frilled lizard bites you.
* * * LOW HITPOINT WARNING * * *
You scratch the frilled lizard but do no damage.
The frilled lizard bites you.
* * * LOW HITPOINT WARNING * * *
You scratch the frilled lizard.
You kill the frilled lizard!
Unknown command.
You see here a whip.
Casting: Ensorcelled Hibernation (safe; 12% risk of failure)
Confirm with . or Enter, or press ? or * to list all spells.
Aiming: Ensorcelled Hibernation (safe; 12% risk of failure)
Press: ? - help, Shift-Dir - straight line, f - hobgoblin
Aim: a hobgoblin, wielding a +0 club (chance to affect: 58%)
The hobgoblin resists with significant effort.
The hobgoblin hits you with a +0 club.
You die...

#.......# ########.......#
#..............#
#.........#######
########.........# #...#
#................# #...# #
#######..........###...#######
#.>..........)....g.....
##.....@g.K.g.......####
#.........##########
#...[.....# #.........#
#.........# #########
#.........# #........
#.........# #.....(..
#.........# #).......
########### #.)......


You could see a hobgoblin, a goblin and a kobold.

Vanquished Creatures
  An ooze (D:1)
  A giant cockroach (D:1)
  2 hobgoblins (D:1)
  6 bats (D:1)
  A frilled lizard (D:1)
  2 goblins (D:1)
  2 kobolds (D:1)
  A rat (D:1)
16 creatures vanquished.

Notes
Turn   | Place    | Note
-------+----------+-------------------------------------------
     0 | D:1      | inc the Felid Enchanter began the quest for the Orb.
     0 | D:1      | Reached XP level 1. HP: 7/7 MP: 4/4
   261 | D:1      | Reached XP level 2. HP: 11/11 MP: 6/6
   521 | D:1      | Learned a level 2 spell: Ensorcelled Hibernation
   597 | D:1      | Slain by a hobgoblin

Illustrated notes

Levels and vault maps discovered:
D:1:      minmay_arrival_checkered_box, layout_basic

Action                   || total
-------------------------++-------
Melee: Unarmed           ||    50
       Bite              ||     5
 Cast: Corona            ||     8
       Ensorcelled Hiber ||     4
 Stab: Sleeping          ||     7
Armor: Skin              ||     9
Dodge: Dodged            ||    79
